 Dungeon Crawl Stone Soup version 0.21-a0-1-gaf3b9a5 (webtiles) character file.

9 Gorglomux the Vexing (level 2, 0/21 HPs)
             Began as a Vampire Arcane Marksman on May 20, 2017.
             Slain by a hobgoblin
             ... wielding a +0 club
              (2 damage)
             ... on level 1 of the Dungeon.
             The game lasted 00:01:34 (443 turns).

Gorglomux the Vexing (Vampire Arcane Marksman)       Turns: 443, Time: 00:01:34

Health: 0/21       AC:  2    Str:  9    XL:     2   Next: 3%
Magic:  1/3        EV: 12    Int: 15    God:
Gold:   22         SH:  0    Dex: 14    Spells: 2/3 levels left

rFire    . . .     SeeInvis +   j - -1 dagger (curse)
rCold    . . .     Gourm    .   (no shield)
rNeg     + . .     Faith    +   f - +0 robe
rPois    .         Spirit   .   (no helmet)
rElec    .         Reflect  .   (no cloak)
rCorr    .         Harm     .   (no gloves)
MR       .....                  (no boots)
Stlth    ++........             h - amulet of faith {Faith, !P}
Regen    0.1/turn               (no ring)
MPRegen  0.1/turn               (no ring)

@: no status effects
A: fangs 3, see invisible, unbreathing
a: no special abilities


You were on level 1 of the Dungeon.
You were not thirsty.

You visited 1 branch of the dungeon, and saw 1 of its levels.

You collected 22 gold pieces.

Inventory:

Hand Weapons
 a - a +0 hunting sling
 b - a +0 club
   (You found it on level 1 of the Dungeon)
 j - a cursed -1 dagger (weapon)
   (You took it off a goblin on level 1 of the Dungeon)
Missiles
 d - 20 sling bullets
 g - 20 stones (quivered)
Armour
 f - a +0 robe (worn)
Jewellery
 h - an amulet of faith (around neck) {Faith, !P}
   (You found it on level 1 of the Dungeon)
Potions
 e - 3 potions of blood {@q1}
 i - a potion of ambrosia {unknown}
Books
 c - a book of Debilitation


   Skills:
 + Level 1.1 Fighting
 * Level 1.9 Slings
 - Level 2.1 Dodging
 + Level 1.2 Stealth
 - Level 1.0 Spellcasting
 + Level 4.4 Hexes


You had 2 spell levels left.
You knew the following spells:

 Your Spells              Type           Power        Failure   Level  Hunger
v - Corona                Hex            ##.....      3%          1    ##.....


Dungeon Overview and Level Annotations

Branches:
Dungeon (1/15)

Altars:


Innate Abilities, Weirdness & Mutations

You have razor-sharp teeth.
You have supernaturally acute eyesight. (SInv)
You can survive without breathing.


Message History

Aim: a frilled lizard You throw a stone.
The stone closely misses the frilled lizard.
Aim: a frilled lizard You throw a stone.
The stone hits the frilled lizard but does no damage.
A frilled lizard is nearby!
You closely miss the frilled lizard. The frilled lizard closely misses you.
Unknown command.
You hit the frilled lizard.
You kill the frilled lizard!
Unknown command.
No target in view!
Unknown command.
No target in view!
g - 20 stones (gained 1)
g - 21 stones (gained 1)
g - 22 stones (gained 1)
You open the door.
There is an open door here.
A giant cockroach comes into view.
Unknown command.
A giant cockroach is nearby!
Unknown command.
A giant cockroach is nearby!
Unknown command.
A giant cockroach is nearby!
You don't know that spell.
Aim: a giant cockroach (clinging, chance to defeat MR: 67%)
The giant cockroach barely resists.
You closely miss the giant cockroach. The giant cockroach barely misses you.
Unknown command.
You hit the giant cockroach. The giant cockroach closely misses you.
Unknown command.
You barely miss the giant cockroach. The giant cockroach barely misses you.
Unknown command.
You hit the giant cockroach. The giant cockroach bites you.
The giant cockroach closely misses you.
You hit the giant cockroach but do no damage.
The giant cockroach misses you.
Unknown command.
You hit the giant cockroach. You bite the giant cockroach.
You kill the giant cockroach!
Unknown command.
No target in view!
Unknown command.
No target in view!
Unknown command.
You see here a giant cockroach corpse.
Found a glowing dagger. 2 hobgoblins come into view.
There are monsters nearby!
There are monsters nearby!
Aim: a hobgoblin, wielding a club (resting, chance to defeat MR: 67%)
The hobgoblin shouts!
The hobgoblin barely resists.
Aim: a hobgoblin, wielding a club You throw a stone.
The stone closely misses the hobgoblin.
The hobgoblin shouts!
Aim: a hobgoblin, wielding a club You throw a stone.
The stone hits the hobgoblin but does no damage.
The hobgoblin completely misses you.
Okay, then.
As you read the scroll labeled AWKOS JO NOWK, it crumbles to dust.
It is a scroll of amnesia.
Forget which spell ([?*] list [ESC] exit)?
Forget which spell ([?*] list [ESC] exit)?
Okay, then.
The hobgoblin misses you.
Sorry, you're not good enough to have a special ability.
That item cannot be evoked!
Aim: a hobgoblin, wielding a club (chance to defeat MR: 67%)
The hobgoblin is outlined in light.
You hit the hobgoblin but do no damage. The hobgoblin closely misses you.
You closely miss the hobgoblin. The hobgoblin misses you.
You barely miss the hobgoblin. The hobgoblin hits you with a club.
You hit the hobgoblin. You bite the hobgoblin.
You kill the hobgoblin!
You have reached level 2!
You don't have enough magic to cast that spell.
You hit the hobgoblin but do no damage. You bite the hobgoblin.
The hobgoblin barely misses you.
You barely miss the hobgoblin. The hobgoblin hits you with a club.
You barely miss the hobgoblin.
The hobgoblin hits you but does no damage.
You barely miss the hobgoblin. You hit the hobgoblin but do no damage.
Your bite misses the hobgoblin. The hobgoblin closely misses you.
You hit the hobgoblin but do no damage. The hobgoblin hits you with a club.
You hit the hobgoblin. The hobgoblin closely misses you.
You hit the hobgoblin but do no damage. The hobgoblin hits you with a club.
You barely miss the hobgoblin.
You bite the hobgoblin, but do no damage.
The hobgoblin hits you but does no damage.
You hit the hobgoblin but do no damage. The hobgoblin hits you with a club.
* * * LOW HITPOINT WARNING * * *
You hit the hobgoblin but do no damage. The hobgoblin closely misses you.
You hit the hobgoblin. The hobgoblin hits you with a club.
You die...

######### # #.......#
# ##
#.#####.#######.####.
.## #.#
#......@g........ ..#
#.# #.#.######...####
..# #.###.#.# g...#
..# #.......# ...##
..# #.....### #.##
#.# #.).### .# #.#
##.## .# #># #.### +#
#.# #...#


You could see a hobgoblin.

Vanquished Creatures
  2 giant cockroaches (D:1)
  2 goblins (D:1)
  2 hobgoblins (D:1)
  A frilled lizard (D:1)
7 creatures vanquished.

Notes
Turn   | Place    | Note
-------+----------+-------------------------------------------
     0 | D:1      | Gorglomux the Vampire Arcane Marksman began the quest for the Orb.
     0 | D:1      | Reached XP level 1. HP: 14/14 MP: 2/2
   197 | D:1      | Reached skill level 1 in Fighting
   296 | D:1      | Reached skill level 1 in Stealth
   431 | D:1      | Reached XP level 2. HP: 18/21 MP: 0/3
   441 | D:1      | HP: 2/21 [hobgoblin/club (5)]
   443 | D:1      | Slain by a hobgoblin

Vault maps used:
D:1:      dpeg_arrival_court, minmay_pentomino_p4

Skill      XL: |  1 |
---------------+----+-----
Fighting       | 1 |  1.1
Stealth        | 1 |  1.2
Slings         | |  1.9
Dodging        | |  2.1
Spellcasting   | |  1.0
Hexes          | |  4.4

Action                   || total
-------------------------++-------
Melee: Unarmed           ||    16
       Dagger            ||    25
       Bite              ||     5
Throw: Stone             ||    14
 Cast: Corona            ||     4
  Use: Scroll            ||     1
 Stab: Sleeping          ||     1
Armor: Robe              ||     5
Dodge: Dodged            ||    21

Vault maps used:
D:1:      dpeg_arrival_court, minmay_pentomino_p4

Table legend:
 A = Turns spent in this place as a percentage of turns spent in the entire game.
 B = Non-inter-level travel turns spent in this place as a percentage of non-inter-level travel turns spent in the entire game.
 C = Inter-level travel turns spent in this place as a percentage of turns spent in this place.
 D = Turns resting spent in this place as a percentage of non-inter-level travel turns spent in this place.
 E = Turns spent auto-exploring this place as a percentage of non-inter-level travel turns spent in this place.
 F = Non-inter-level travel turns spent in this place divided by the number of levels of this place that you've seen.
                   A       B       C       D       E      F
               +-------+-------+-------+-------+-------+----------------------
         Total | 100.0 | 100.0 |   0.0 |   2.4 |   7.9 | 164.0
       Dungeon | 100.0 | 100.0 |   0.0 |   2.4 |   7.9 | 164.0
               +-------+-------+-------+-------+-------+----------------------

Table legend:
 A = Kills in this place as a percentage of kills in entire the game.
 B = Kills by you in this place as a percentage of kills by you in the entire game.
 C = Kills by friends in this place as a percentage of kills by friends in the entire game.
 D = Other kills in this place as a percentage of other kills in the entire game.
 E = Experience gained in this place as a percentage of experience gained in the entire game.
 F = Experience gained in this place divided by the number of levels of this place that you have seen.
                   A       B       C       D       E      F
               +-------+-------+-------+-------+-------+----------------------
         Total | 100.0 | 100.0 |  -nan |  -nan | 100.0 |  13.0
       Dungeon | 100.0 | 100.0 |  -nan |  -nan | 100.0 |  13.0
               +-------+-------+-------+-------+-------+----------------------
